 Dungeon Crawl Stone Soup version 0.29.1-15-g9cfb28693d (webtiles) character file.

Game seed: 10295953717665056543

8790 101zpm the Thaumaturge (level 11, -2/67 HPs)
             Began as a Djinni Fire Elementalist on Mar 22, 2023.
             Was a Priest of Nemelex Xobeh.
             Slain by a yak (10 damage)
             ... on level 9 of the Dungeon.
             The game lasted 00:39:01 (15128 turns).

101zpm the Thaumaturge (Djinni Fire Elementalist)  Turns: 15128, Time: 00:39:02

Health: -2/67      AC: 14    Str: 13    XL:     11   Next: 62%
Gold:   902        EV:  9    Int: 22    God:    Nemelex Xobeh [***...] SH:  0 Dex: 13

rFire   + + +      SeeInvis .   D - +5 long sword (freeze)
rCold   x . .      Faith    .   (no shield)
rNeg    + . .      Spirit   .   a - +0 pearl dragon scales
rPois   ∞          Reflect  .   r - +2 hat
rElec   .          Harm     .   (no cloak)
rCorr   .          Rampage  .   g - +0 pair of gloves
Will    +....                   (boots unavailable)
Stlth   +.........              (no amulet)
HPRegen 0.21/turn               k - +6 ring of strength
MPRegen 0.00/turn               y - ring of protection from fire

@: flying
A: sickness immunity, fire resistance 2, cold vulnerability 1, float, innate
caster, HP casting, extra vitality 1
a: Renounce Religion, Draw Escape, Draw Destruction, Draw Summoning, Triple Draw


You were on level 9 of the Dungeon.
You worshipped Nemelex Xobeh.
Nemelex Xobeh was most pleased with you.
You visited 2 branches of the dungeon, and saw 11 of its levels.
You also visited: Bailey.

You collected 902 gold pieces.

Inventory:

Hand Weapons
 h - the +2 dagger of Verphuige {freeze, Fragile rF++ Str+7}
   (You found it on level 4 of the Dungeon)

   It freezes those it strikes, dealing additional cold damage.
   It can also slow down cold-blooded creatures.
   Str:       It affects your strength (+7).
   rF:        It greatly protects you from fire.
   Fragile:   It will be destroyed if unequipped.
 D - a +5 long sword of freezing (weapon)
Missiles
 s - 14 boomerangs
Armour
 a - +0 pearl dragon scales (worn)
 g - a +0 pair of gloves (worn)
 r - a +2 hat (worn)
 t - the +1 leather armour of Autotheism {Dex+5}
   (You found it on level 6 of the Dungeon)

   Dex:       It affects your dexterity (+5).
 v - a +0 buckler
Jewellery
 k - a +6 ring of strength (left hand)
 m - a ring of resist corrosion
 y - a ring of protection from fire (right hand)
Wands
 e - a wand of flame (9)
 n - a wand of polymorph (21)
Scrolls
 c - 3 scrolls of enchant armour
 f - 3 scrolls of fear
 q - 2 scrolls of enchant weapon
 u - a scroll of torment {unknown}
 x - 2 scrolls of teleportation {unknown}
 B - a scroll of poison {unknown}
 C - a scroll of acquirement {unknown}
Potions
 b - 2 potions of cancellation {unknown}
 d - 5 potions of curing
 i - 2 potions of invisibility {unknown}
 j - a potion of might {unknown}
 l - 6 potions of heal wounds
 o - 2 potions of berserk rage {unknown}
 p - 3 potions of degeneration
 w - 2 potions of brilliance {unknown}
 z - a potion of ambrosia {unknown}
 A - a potion of flight {unknown}


   Skills:
 + Level 1.3 Fighting
 + Level 3.6 Armour
 + Level 3.3 Dodging
 + Level 3.8 Stealth
 + Level 12.7 Spellcasting


You had 9 spell levels left.
You knew the following spells:

 Your Spells              Type           Power      Damage    Failure   Level
a - Foxfire               Conj/Fire      100%       2x1d9     1%          1
b - Scorch                Fire           100%       2d10      1%          2
c - Conjure Flame         Conj/Fire      63%        6-21      1%          3
d - Inner Flame           Hex/Fire       63%        N/A       1%          3
e - Flame Wave            Conj/Fire      63%        2d15      1%          4
f - Necrotise             Necr           100%       1d9       1%          1
g - Searing Ray           Conj           100%       2d8       1%          2
h - Tukima's Dance        Hex            63%        N/A       1%          3
i - Call Canine Familiar  Summ           63%        N/A       1%          3
j - Cause Fear            Hex            31%        N/A       1%          4
Your spell library was empty.

Dungeon Overview and Level Annotations

Branches:
Dungeon (10/15)            Temple (1/1) D:6            Lair (0/5) D:9
    Orc (0/2) D:9          Bailey (visited)

Altars:
Ashenzari
Cheibriados
Dithmenos
Elyvilon
Fedhas
Gozag
Hepliaklqana
Makhleb
Nemelex Xobeh
Okawaru
Qazlal
Ru
Uskayaw
Wu Jian
Xom
Yredelemnul
Zin
The Shining One

Annotations:
D:7 1 runed translucent door, Henri's ghost, novice OpVM
D:8 1 runed translucent door, Tomstefer's ghost, novice MiFi


Innate Abilities, Weirdness & Mutations

You are immune to sickness and miasma.
You are immune to poison.
Your flesh is very heat resistant. (rF++)
You are vulnerable to cold. (rC-)
You float through the air rather than walking.
You learn spells naturally, not from books.
Your magical power is your life essence.
You have superior vitality. (+4 MHP)


Message History

The foxfire hits the yak.
The yak explodes!
The fiery explosion engulfs you. You resist.
The fiery explosion engulfs the yak!!
The fiery explosion engulfs your foxfire.
Your foxfire completely resists.
The yak explodes!
The fiery explosion engulfs the yak!!
The yak is almost dead.
The fiery explosion engulfs you. You resist.
You hear a shout! x2; You hear an angry growl.
The foxfire hits the yak.
You kill the yak!
The gnoll throws a stone.
The stone hits you.
Okay, then.
Casting: Foxfire (safe; 1% risk of failure)
Confirm with . or Enter, or press ? or * to list all spells.
Casting: Cause Fear (dangerous; 1% risk of failure)
Press: ? - help, Dir - look around, f - activate The gnoll looks frightened! x3; The yak resists with almost no effort.
The yak easily resists.
The yak looks frightened!
Cornered, the gnoll turns to fight!
The gnoll throws a stone.
The stone hits you but does no damage. The yak misses you.
A polar bear comes into view.
The yak attacks as you move away! The yak gores you but does no damage.
The yak attacks as you move away! The yak gores you!
* * * LOW HITPOINT WARNING * * *
There is a stone staircase leading up here.
The yak gores you!
* * * LOW HITPOINT WARNING * * *
The yak gores you but does no damage.
You fly upwards.
There is a stone staircase leading down here.
Casting: Cause Fear (dangerous; 1% risk of failure)
Confirm with . or Enter, or press ? or * to list all spells.
* * * LOW HITPOINT WARNING * * *
The yak gores you!
You die...
Your body disappears without a glow.

..#...# #............#
..#...# #......####..#
...)..# #..##..# #..#
#.....# #..##..# #..#
8[....# #..##..# #..#
..#...# #..##..# #..#
.[#...# #..##..####..#
8.#...###..##........#
#..........##...@....#
.)#........##.hY.Y...#
..#........##...###..#
..#..###...##...# #..#
.....# #...##...# #..#
.....# #...##...# #..#
###..# #........# #..#
# #..###..###...# #..#
# #.......# #...# #..#


You could see 2 yaks and a friendly warg (summoned).

Vanquished Creatures
  A two-headed ogre (D:9)
  An orc knight (Bailey)
  A troll (D:9)
  2 hornets (D:9)
  Sigmund (D:5)
  2 wraiths (D:9)
  2 wyverns (D:8)
  10 yaks
  2 dancing weapons (D:5)
  Menkaure (D:5)
  2 water moccasins
  Edmund (D:4)
  8 orc warriors
  4 ice beasts
  3 black bears
  4 ogres
  2 centaurs
  5 kobold brigands
  2 phantoms
  2 bullfrogs
  A necrophage (D:3)
  A gnoll sergeant (D:9)
  2 scorpions
  6 wights
  2 killer bees (D:10)
  An electric eel (D:8)
  A crimson imp (D:6)
  5 hounds
  2 jellies (D:5)
  2 gnoll boudas
  7 orc priests
  4 iguanas
  14 orc wizards
  Natasha (thrice) (D:2)
  Robin (D:2)
  9 gnolls
  9 adders
  2 white imps
  An ufetubus (D:5)
  A worm (D:3)
  A dart slug (D:3)
  33 orcs
  5 endoplasms
  2 giant cockroaches
  20 goblins
  11 hobgoblins
  5 jackals
  16 kobolds
  A quokka (D:3)
  12 ball pythons
  A bat (D:2)
  2 frilled lizards
  A rat (D:1)
240 creatures vanquished.

Vanquished Creatures (collateral kills)
  An orc (D:7)
1 creature vanquished.

Vanquished Creatures (others)
  908 foxfires
908 creatures vanquished.

Grand Total: 1149 creatures vanquished

Notes
Turn   | Place    | Note
-------+----------+-------------------------------------------
     0 | D:1      | 101zpm the Djinni Fire Elementalist began the quest for the
                  | Orb.
     0 | D:1      | 101zpm set off with the following spells memorised:
                  | Foxfire, Scorch, Conjure Flame, Inner Flame, Flame Wave.
     0 | D:1      | Reached XP level 1. HP: 15/15 MP: 0/0
   493 | D:1      | Reached XP level 2. HP: 17/21 MP: 0/0
  1042 | D:1      | Found a faded altar of an unknown god.
  1179 | D:1      | Reached skill level 3 in Spellcasting
  1180 | D:1      | Reached XP level 3. HP: 20/25 MP: 0/0
  1180 | D:1      | Learned a level 1 spell: Necrotise
  1498 | D:2      | Noticed Robin
  1504 | D:2      | Killed Robin
  1505 | D:2      | Reached XP level 4. HP: 11/31 MP: 0/0
  1851 | D:2      | Noticed Natasha
  1858 | D:2      | Killed Natasha
  1973 | D:2      | Noticed Natasha
  1977 | D:2      | Killed Natasha
  1978 | D:2      | Reached XP level 5. HP: 30/35 MP: 0/0
  1978 | D:2      | Learned a level 2 spell: Searing Ray
  2137 | D:2      | Reached skill level 4 in Spellcasting
  2325 | D:2      | Noticed Natasha
  2332 | D:2      | Killed Natasha
  2978 | D:3      | Reached XP level 6. HP: 38/40 MP: 0/0
  3319 | D:3      | Found a stormy altar of Qazlal.
  3960 | D:4      | Identified the +2 dagger of Verphuige {freeze, Fragile rF++
                  | Str+7}
  3976 | D:4      | Reached skill level 5 in Spellcasting
  4193 | D:4      | Reached XP level 7. HP: 17/45 MP: 0/0
  4193 | D:4      | Learned a level 3 spell: Tukima's Dance
  4501 | D:4      | Noticed Edmund
  4507 | D:4      | Killed Edmund
  4907 | D:5      | Entered Level 5 of the Dungeon
  4929 | D:5      | Reached skill level 6 in Spellcasting
  4997 | D:5      | Noticed a water moccasin
  5004 | D:5      | Killed a water moccasin
  5303 | D:5      | Noticed Menkaure
  5307 | D:5      | Killed Menkaure
  5308 | D:5      | Reached XP level 8. HP: 45/50 MP: 0/0
  5312 | D:5      | Noticed Sigmund
  5314 | D:5      | Killed Sigmund
  5315 | D:5      | Reached skill level 7 in Spellcasting
  5480 | D:5      | Found a sparkling altar of Nemelex Xobeh.
  5803 | D:5      | Killed a +0 club
  6165 | D:5      | Reached skill level 8 in Spellcasting
  6165 | D:5      | Reached XP level 9. HP: 50/56 MP: 0/0
  6165 | D:5      | Learned a level 3 spell: Call Canine Familiar
  6490 | D:6      | Reached skill level 1 in Fighting
  6839 | D:6      | Reached skill level 9 in Spellcasting
  7195 | D:6      | Found a staircase to the Ecumenical Temple.
  7521 | Temple   | Entered the Ecumenical Temple
  7952 | D:6      | Identified the +1 leather armour of Autotheism {Dex+5}
  8108 | D:6      | Found a burning altar of Makhleb.
  8448 | D:5      | Became a worshipper of Nemelex Xobeh the Trickster
  8804 | D:7      | Noticed Henri's ghost (novice OpVM)
  8805 | D:7      | Found a runed translucent door.
  8833 | D:7      | Reached skill level 10 in Spellcasting
  8833 | D:7      | Reached XP level 10. HP: 23/62 MP: 0/0
 10132 | D:8      | Reached * piety under Nemelex Xobeh
 10173 | D:8      | HP: 1/62 [spore (9)]
 10185 | D:8      | Found a runed translucent door.
 10185 | D:8      | Noticed Tomstefer's ghost (novice MiFi)
 10490 | D:8      | Reached skill level 1 in Armour
 10521 | D:8      | Found a flagged portal.
 10538 | Bailey   | Entered a bailey
 11019 | Bailey   | Noticed an orc knight
 11029 | Bailey   | HP: 2/62 [orc knight/+4 broad axe (17)]
 11029 | Bailey   | Killed an orc knight
 11030 | Bailey   | Reached skill level 11 in Spellcasting
 11538 | D:8      | Received a gift from Nemelex Xobeh
 11570 | D:8      | Found an opulent altar of Gozag.
 11846 | D:8      | Reached ** piety under Nemelex Xobeh
 12574 | D:9      | Found an ornate altar of the Wu Jian Council.
 12790 | D:9      | Received a gift from Nemelex Xobeh
 12906 | D:9      | Reached XP level 11. HP: 52/67 MP: 0/0
 12906 | D:9      | Learned a level 4 spell: Cause Fear
 12910 | D:9      | Noticed a two-headed ogre
 13216 | D:9      | Killed a two-headed ogre
 13411 | D:9      | Reached skill level 12 in Spellcasting
 13787 | D:9      | Found a blossoming altar of Fedhas.
 14109 | D:9      | Found a staircase to the Lair.
 14911 | D:9      | Found a staircase to the Orcish Mines.
 14992 | D:9      | Received a gift from Nemelex Xobeh
 15008 | D:9      | Reached *** piety under Nemelex Xobeh
 15071 | D:10     | Entered Level 10 of the Dungeon
 15128 | D:9      | Slain by a yak

Illustrated notes

Levels and vault maps discovered:
D:1:      giann_wishing_wells, layout_basic, ebering_ecumenical_altar_abandoned
D:2:      layout_rooms, basic_altar, uniq_robin, uniq_natasha
D:3:      layout_loops_corners, grunt_qazlal_clouds
D:4:      layout_rooms, uniq_edmund
D:5:      layout_basic, nemelex_dance_club_becter, uniq_sigmund, uniq_menkaure
D:6:      layout_basic, makhleb_grotto_becter, minmay_temple_entry_purple_smoke,
          minmay_splitting_lines
D:7:      layout_basic, hellmonk_ghost_happy_afterlife, grunt_ministairs_2
D:8:      layout_layer_cave, mainiacjoe_overflow_concentric_impassable,
          enter_bailey_3, gammafunk_ghost_grave, minivault_4
D:9:      minmay_evil_eye, layout_long_grid, mainiacjoe_overflow_chevrons,
          jmf_multi_god_temple, lair_entry_dummy, david_orc_4,
          minmay_fountain_box
D:10:     layout_cave_pools, trog_ov_bears_minmay, serial_gnoll_camp,
          gnoll_camp_mini_doghouse, gnoll_camp_medium_02, gnoll_camp_mini_hut,
          gnoll_camp_mini_sergeant, st_stairs_1, serial_bayou_lagoon_b,
          uniq_fannar
Temple:   nicolae_temple_two_arcs

Skill      XL: |  1  2  3  4  5  6  7  8  9 10 11 |
---------------+----------------------------------+-----
Spellcasting   | 3 4 5 6 8 10 11 12 | 12.7
Stealth        | 2 3 |  3.8
Fighting       | 1 |  1.3
Armour         | 1 3 |  3.6
Dodging        | 3 |  3.3

Action                   |  1- 3 |  4- 6 |  7- 9 | 10-12 || total
-------------------------+-------+-------+-------+-------++-------
 Cast: Foxfire           |    86 |   147 |   144 |   166 ||   543
       Scorch            |       |    14 |    39 |    68 ||   121
       Inner Flame       |       |       |    41 |    63 ||   104
       Tukima's Dance    |       |       |     6 |     2 ||     8
       Conjure Flame     |       |       |     1 |       ||     1
       Call Canine Famil |       |       |     6 |    12 ||    18
       Searing Ray       |       |       |     2 |       ||     2
       Cause Fear        |       |       |       |     2 ||     2
       Necrotise         |       |       |       |     1 ||     1
  Use: Scroll            |       |       |     5 |     5 ||    10
Armor: Robe              |       |       |     2 |       ||     2
       Pearl dragon scal |       |       |       |    18 ||    18
Dodge: Dodged            |       |     2 |     9 |    32 ||    43
